TOP OF THE 1ST |
Memphis Bears batting - Pitching for Saint Louis Canaries : RHP Lloyd Lee
|
Pitching: RHP Lloyd Lee
|
|
Batting: RHB Frank Saunders
|
0-0: Called Strike 0-1: Ball 1-1: SINGLE (Line Drive, 78S, EV 93.1 MPH)
|
Batting: LHB James Watkins
|
0-0: Sac Bunt to 15 - play at first, batter OUT! 1-3 Frank Saunders to second
|
Batting: RHB John Johnson
|
0-0: Ball 1-0: Called Strike 1-1: SINGLE (Groundball, 6MD, EV 105.0 MPH) Frank Saunders to third Runner from 3rd tries for Home, SAFE, throw by CF to home
|
Batting: LHB Spencer Burke
|
0-0: Ball John Johnson is caught stealing 2nd base 2-6 1-0: Foul Ball, location: 2F 1-1: Ball 2-1: Swinging Strike 2-2: Ball 3-2: Fly out, F6 (Line Drive, 6, EV 64.4 MPH)
|
Top of the 1st over - 1 run, 2 hits, 0 errors, 0 left on base; Memphis 1 - Saint Louis 0 |
BOTTOM OF THE 1ST |
Saint Louis Canaries batting - Pitching for Memphis Bears : RHP Willie Howard
|
Pitching: RHP Willie Howard
|
|
Batting: RHB Lloyd Lee
|
0-0: Ball 1-0: Ball 2-0: Foul Ball, location: 2F 2-1: Ball 3-1: Foul Ball, location: 2F 3-2: Foul Ball, location: 9LDF 3-2: Fly out, F4 (Popup, 4M, EV 54.4 MPH)
|
Batting: SHB See Brown
|
0-0: Called Strike 0-1: Fly out, F4 (Popup, 4S, EV 69.4 MPH)
|
Batting: RHB John Lewis
|
0-0: Ball 1-0: Ball 2-0: Called Strike 2-1: Ball 3-1: Ground out 6-3 (Groundball, 6, EV 80.6 MPH)
|
Bottom of the 1st over - 0 runs, 0 hits, 0 errors, 0 left on base; Memphis 1 - Saint Louis 0 |
TOP OF THE 2ND |
Memphis Bears batting - Pitching for Saint Louis Canaries : RHP Lloyd Lee
|
Batting: RHB James Bell
|
0-0: Ball 1-0: Ball 2-0: Foul Ball, location: 9LMF 2-1: Ball 3-1: Foul Ball, location: 5F 3-2: SINGLE (Line Drive, 4M, EV 100.6 MPH)
|
Batting: LHB Alphonse Johnson
|
0-0: Ball 1-0: Bunt missed! 1-1: Bunt missed! 1-2: Ball 2-2: Ground out 6-3 (Groundball, 6M, EV 103.1 MPH) James Bell to second
|
Batting: LHB Al Ewing
|
0-0: Called Strike 0-1: Fly out, F3 (Popup, 3SF, EV 71.9 MPH)
|
Batting: RHB George Jackson
|
0-0: Ball 1-0: Ground out 5-3 (Groundball, 56S, EV 81.3 MPH)
|
Top of the 2nd over - 0 runs, 1 hit, 0 errors, 1 left on base; Memphis 1 - Saint Louis 0 |
BOTTOM OF THE 2ND |
Saint Louis Canaries batting - Pitching for Memphis Bears : RHP Willie Howard
|
Batting: SHB Candasie Addison
|
0-0: Called Strike 0-1: Fly out, F3 (Popup, 34S, EV 82.5 MPH)
|
Batting: RHB Pap Burke
|
0-0: Ground out 5-3 (Groundball, 56S, EV 83.8 MPH)
|
Batting: LHB Ollie Haynes
|
0-0: Fly out, F8 (Flyball, 8RXD, EV 98.1 MPH)
|
Bottom of the 2nd over - 0 runs, 0 hits, 0 errors, 0 left on base; Memphis 1 - Saint Louis 0 |
TOP OF THE 3RD |
Memphis Bears batting - Pitching for Saint Louis Canaries : RHP Lloyd Lee
|
Batting: RHB Willie Howard
|
0-0: Called Strike 0-1: Called Strike 0-2: Ball 1-2: Strikes out looking
|
Batting: RHB Frank Saunders
|
0-0: Ball 1-0: Swinging Strike 1-1: Foul Ball, location: 2F 1-2: Fly out, F4 (Popup, 4, EV 58.1 MPH)
|
Batting: LHB James Watkins
|
0-0: Ground out 1-3 (Groundball, 15S, EV 64.4 MPH)
|
Top of the 3rd over - 0 runs, 0 hits, 0 errors, 0 left on base; Memphis 1 - Saint Louis 0 |
BOTTOM OF THE 3RD |
Saint Louis Canaries batting - Pitching for Memphis Bears : RHP Willie Howard
|
Batting: RHB John Branham
|
0-0: SINGLE (Line Drive, 3D, EV 104.4 MPH)
|
Batting: SHB Sam Wigware
|
0-0: Fly out, F6 (Popup, 6M, EV 66.3 MPH)
|
Batting: SHB Jimmy Harris
|
0-0: Foul Ball, location: 9LMF 0-1: Ball John Branham steals 2nd base 1-1: SINGLE (Line Drive, 78S, EV 105.6 MPH) John Branham to third Runner from 3rd tries for Home, SAFE, throw by LF to home
|
Batting: RHB Lloyd Lee
|
0-0: Bunted foul 0-1: Bunted foul 0-2: Fly out, F8 (Flyball, 8RXD, EV 98.8 MPH)
|
Batting: SHB See Brown
|
0-0: Fly out, F2 (Popup, 25F, EV 76.9 MPH)
|
Bottom of the 3rd over - 1 run, 2 hits, 0 errors, 1 left on base; Memphis 1 - Saint Louis 1 |
TOP OF THE 4TH |
Memphis Bears batting - Pitching for Saint Louis Canaries : RHP Lloyd Lee
|
Batting: RHB John Johnson
|
0-0: Ball 1-0: Called Strike 1-1: Foul Ball, location: 25F 1-2: Foul Ball, location: 3SF 1-2: Ball 2-2: Foul Ball, location: 2F 2-2: Fly out, F9 (Flyball, 89D, EV 82.5 MPH)
|
Batting: LHB Spencer Burke
|
0-0: TRIPLE (Flyball, W R, EV 85.0 MPH)
|
Batting: RHB James Bell
|
0-0: Ball 1-0: Ball 2-0: Ball 3-0: Called Strike 3-1: Fly out, F7 (Flyball, 7, EV 91.3 MPH) Runner from 3rd tags up, SCORES, throw by LF
|
Batting: LHB Alphonse Johnson
|
0-0: Ball 1-0: Called Strike 1-1: Called Strike 1-2: Ball 2-2: Ball 3-2: Fly out, F8 (Flyball, 8RM, EV 91.9 MPH)
|
Top of the 4th over - 1 run, 1 hit, 0 errors, 0 left on base; Memphis 2 - Saint Louis 1 |
BOTTOM OF THE 4TH |
Saint Louis Canaries batting - Pitching for Memphis Bears : RHP Willie Howard
|
Batting: RHB John Lewis
|
0-0: Foul Ball, location: 2F 0-1: Swinging Strike 0-2: Foul Ball, location: 9LSF 0-2: Ball 1-2: Ball 2-2: Ball 3-2: Foul Ball, location: 5FF 3-2: Base on Balls
|
Batting: SHB Candasie Addison
|
0-0: Ball 1-0: Called Strike John Lewis steals 2nd base 1-1: Ball 2-1: Ball 3-1: Fly out, F4 (Popup, 34, EV 78.1 MPH)
|
Batting: RHB Pap Burke
|
0-0: Ball 1-0: Called Strike John Lewis steals 3rd, throwing error, E2 John Lewis scores 1-1: Foul Ball, location: 2F 1-2: Ball 2-2: Foul Ball, location: 9LSF 2-2: Ground out 6-3 (Groundball, 6, EV 79.4 MPH)
|
Batting: LHB Ollie Haynes
|
0-0: Foul Ball, location: 5F 0-1: Ball 1-1: Foul Ball, location: 25F 1-2: Hit by Pitch
|
Batting: RHB John Branham
|
0-0: Called Strike Ollie Haynes steals 2nd base 0-1: Swinging Strike 0-2: Ball 1-2: Ball 2-2: Ball 3-2: Foul Ball, location: 25FF 3-2: Foul Ball, location: 2F 3-2: Ground out 1-3 (Groundball, 34S, EV 67.5 MPH)
|
Bottom of the 4th over - 1 run, 0 hits, 1 error, 1 left on base; Memphis 2 - Saint Louis 2 |
TOP OF THE 5TH |
Memphis Bears batting - Pitching for Saint Louis Canaries : RHP Lloyd Lee
|
Batting: LHB Al Ewing
|
0-0: Ball 1-0: Swinging Strike 1-1: Called Strike 1-2: Strikes out looking
|
Batting: RHB George Jackson
|
0-0: Ball 1-0: Called Strike 1-1: Ball 2-1: Foul Ball, location: 2F 2-2: Ground out 2-3 (Groundball, 15S, EV 66.9 MPH)
|
Batting: RHB Willie Howard
|
0-0: Ball 1-0: Ball 2-0: Called Strike 2-1: Foul Ball, location: 3DF 2-2: Foul Ball, location: 2F 2-2: Strikes out swinging
|
Top of the 5th over - 0 runs, 0 hits, 0 errors, 0 left on base; Memphis 2 - Saint Louis 2 |
BOTTOM OF THE 5TH |
Saint Louis Canaries batting - Pitching for Memphis Bears : RHP Willie Howard
|
Batting: SHB Sam Wigware
|
0-0: Called Strike 0-1: Ball 1-1: Called Strike 1-2: Strikes out swinging
|
Batting: SHB Jimmy Harris
|
0-0: Fly out, F8 (Line Drive, 8RM, EV 94.4 MPH)
|
Batting: RHB Lloyd Lee
|
0-0: Foul Ball, location: 9LSF 0-1: Foul Ball, location: 5SF 0-2: Fly out, F4 (Popup, 13S, EV 86.3 MPH)
|
Bottom of the 5th over - 0 runs, 0 hits, 0 errors, 0 left on base; Memphis 2 - Saint Louis 2 |
TOP OF THE 6TH |
Memphis Bears batting - Pitching for Saint Louis Canaries : RHP Lloyd Lee
|
Batting: RHB Frank Saunders
|
0-0: Called Strike 0-1: Ball 1-1: Ball 2-1: Foul Ball, location: 25F 2-2: Strikes out swinging
|
Batting: LHB James Watkins
|
0-0: Ball 1-0: Ball 2-0: Ball 3-0: Called Strike 3-1: Fly out, F8 (Flyball, 8RS, EV 91.3 MPH)
|
Batting: RHB John Johnson
|
0-0: Called Strike 0-1: Fly out, F9 (Flyball, 9D, EV 95.0 MPH)
|
Top of the 6th over - 0 runs, 0 hits, 0 errors, 0 left on base; Memphis 2 - Saint Louis 2 |
BOTTOM OF THE 6TH |
Saint Louis Canaries batting - Pitching for Memphis Bears : RHP Willie Howard
|
Batting: SHB See Brown
|
0-0: Called Strike 0-1: Ball 1-1: Ball 2-1: Fly out, F8 (Flyball, 8RS, EV 88.1 MPH)
|
Batting: RHB John Lewis
|
0-0: Ball 1-0: Swinging Strike 1-1: Ball 2-1: Ball 3-1: Base on Balls
|
Batting: SHB Candasie Addison
|
0-0: Called Strike John Lewis steals 2nd base 0-1: Foul Ball, location: 2F 0-2: SINGLE (Line Drive, 89S, EV 93.8 MPH) John Lewis to third Throwing error, E8 John Lewis scores Candasie Addison to second
|
Batting: RHB Pap Burke
|
0-0: Ball 1-0: Called Strike 1-1: Fly out, F9 (Line Drive, 9D, EV 93.8 MPH)
|
Batting: LHB Ollie Haynes
|
0-0: Fly out, F3 (Line Drive, 3L, EV 66.9 MPH)
|
Bottom of the 6th over - 1 run, 1 hit, 1 error, 1 left on base; Memphis 2 - Saint Louis 3 |
TOP OF THE 7TH |
Memphis Bears batting - Pitching for Saint Louis Canaries : RHP Lloyd Lee
|
Batting: LHB Spencer Burke
|
0-0: Called Strike 0-1: Ball 1-1: SINGLE (Line Drive, 89S, EV 96.9 MPH)
|
Pinch Hitting: LHB Dan Marvin
|
0-0: Called Strike Spencer Burke steals 2nd base 0-1: Foul Ball, location: 5DF 0-2: Ground out 4-3 (Groundball, 4D, EV 104.4 MPH) Spencer Burke to third
|
Batting: LHB Alphonse Johnson
|
0-0: Foul Ball, location: 2F 0-1: Called Strike 0-2: DOUBLE (Line Drive, 8RXD, EV 101.3 MPH) Spencer Burke scores
|
Batting: LHB Al Ewing
|
0-0: Ball 1-0: Ball 2-0: Ball 3-0: Base on Balls
|
Batting: RHB George Jackson
|
0-0: Ball 1-0: Fly out, F8 (Flyball, 8LD, EV 91.9 MPH)
|
Batting: RHB Willie Howard
|
0-0: Foul Ball, location: 5FF 0-1: Ground out 4-3 (Groundball, 4S, EV 68.8 MPH)
|
Top of the 7th over - 1 run, 2 hits, 0 errors, 2 left on base; Memphis 3 - Saint Louis 3 |
BOTTOM OF THE 7TH |
Saint Louis Canaries batting - Pitching for Memphis Bears : RHP Willie Howard
|
Now in CF: Joe Swancy
|
|
Batting: RHB John Branham
|
0-0: Called Strike 0-1: Ball 1-1: Called Strike 1-2: SINGLE (Flyball, 34D, EV 95.6 MPH)
|
Batting: SHB Sam Wigware
|
0-0: Bunted foul 0-1: Sac Bunt to 13 - play at first, batter OUT! 1-3 John Branham to second
|
Batting: SHB Jimmy Harris
|
0-0: Ball 1-0: Called Strike 1-1: Ground out 4-3 (Groundball, 4, EV 108.8 MPH) John Branham to third
|
Batting: RHB Lloyd Lee
|
0-0: Ball 1-0: Foul Ball, location: 2F 1-1: Swinging Strike 1-2: Strikes out swinging
|
Bottom of the 7th over - 0 runs, 1 hit, 0 errors, 1 left on base; Memphis 3 - Saint Louis 3 |
TOP OF THE 8TH |
Memphis Bears batting - Pitching for Saint Louis Canaries : RHP Lloyd Lee
|
Batting: RHB Frank Saunders
|
0-0: Ball 1-0: Ground out 4-3 (Groundball, 4MD, EV 96.3 MPH)
|
Batting: LHB James Watkins
|
0-0: Called Strike 0-1: Ball 1-1: Called Strike 1-2: Ball 2-2: Fly out, F6 (Popup, 6MD, EV 56.9 MPH)
|
Batting: RHB John Johnson
|
0-0: Called Strike 0-1: Ball 1-1: Ball 2-1: Ball 3-1: Foul Ball, location: 3FF 3-2: Base on Balls
|
Batting: LHB Spencer Burke
|
0-0: Ball 1-0: Ball 2-0: Called Strike John Johnson is caught stealing 2nd base 2-6
|
Top of the 8th over - 0 runs, 0 hits, 0 errors, 0 left on base; Memphis 3 - Saint Louis 3 |
BOTTOM OF THE 8TH |
Saint Louis Canaries batting - Pitching for Memphis Bears : RHP Willie Howard
|
Batting: SHB See Brown
|
0-0: Called Strike 0-1: Ball 1-1: Swinging Strike 1-2: Ball 2-2: Ball 3-2: DOUBLE (Line Drive, 78D, EV 98.8 MPH)
|
Batting: RHB John Lewis
|
0-0: Ball 1-0: Called Strike 1-1: Ground out 6-3 (Groundball, 6, EV 84.4 MPH)
|
Batting: SHB Candasie Addison
|
0-0: Ball 1-0: Fielders Choice at 3rd, 6-5 (Groundball, 6, EV 86.3 MPH)
|
Batting: RHB Pap Burke
|
0-0: Ball 1-0: Foul Ball, location: 2F 1-1: Ground out 6-3 (Groundball, 6S, EV 81.9 MPH)
|
Bottom of the 8th over - 0 runs, 1 hit, 0 errors, 1 left on base; Memphis 3 - Saint Louis 3 |
TOP OF THE 9TH |
Memphis Bears batting - Pitching for Saint Louis Canaries : RHP Lloyd Lee
|
Batting: LHB Spencer Burke
|
0-0: Called Strike 0-1: Ball 1-1: Ball 2-1: Foul Ball, location: 25F 2-2: Ball 3-2: Base on Balls
|
Batting: LHB Joe Swancy
|
0-0: Ball Spencer Burke steals 2nd base 1-0: Sac Bunt to 2R - play at first, batter OUT! 2-3 Spencer Burke to third
|
Pitching: RHP Pete Giles
|
|
Batting: LHB Alphonse Johnson
|
0-0: Ball 1-0: Squeeze Bunt to 13S - play home, runner scores, batter safe! Spencer Burke scores
|
Batting: LHB Al Ewing
|
0-0: Ball Alphonse Johnson steals 2nd base 1-0: Ground out 6-3 (Groundball, 6, EV 86.9 MPH) Alphonse Johnson to third
|
Batting: RHB George Jackson
|
0-0: Fly out, F8 (Flyball, 8LM, EV 92.5 MPH)
|
Top of the 9th over - 1 run, 0 hits, 0 errors, 1 left on base; Memphis 4 - Saint Louis 3 |
BOTTOM OF THE 9TH |
Saint Louis Canaries batting - Pitching for Memphis Bears : RHP Willie Howard
|
Now at 1B: Frank Ziegler
|
|
Batting: LHB Ollie Haynes
|
0-0: Swinging Strike 0-1: SINGLE (Line Drive, 7S, EV 93.1 MPH)
|
Batting: RHB John Branham
|
0-0: Sac Bunt to 2L - play at first, batter OUT! 2-3 Ollie Haynes to second
|
Pinch Hitting: LHB George Banks
|
0-0: Ground out 6-3 (Groundball, 6, EV 83.1 MPH)
|
Batting: SHB Jimmy Harris
|
0-0: Ball 1-0: Swinging Strike 1-1: Called Strike 1-2: Ball 2-2: Foul Ball, location: 3DF 2-2: Strikes out looking
|
Bottom of the 9th over - 0 runs, 1 hit, 0 errors, 1 left on base; Memphis 4 - Saint Louis 3 |
|